 Dungeon Crawl Stone Soup version 0.26.0-45-g9c1d065592 (console) character file.

Game seed: 18159436948499645852

439 om the Chopper (level 6, -5/56 HPs)
             Began as a Minotaur Monk on Jan 28, 2021.
             Slain by a gnoll
             ... wielding a +0 halberd
              (6 damage)
             ... on level 4 of the Dungeon.
             The game lasted 00:05:39 (3567 turns).

om the Chopper (Minotaur Monk)                      Turns: 3567, Time: 00:05:39

Health: -5/56      AC:  9    Str: 16    XL:     6   Next: 70%
Magic:  5/5        EV:  9    Int:  3    God:
Gold:   279        SH:  0    Dex: 14    Spells: 5/5 levels left

rFire    . . .     SeeInvis .   m - +0 war axe
rCold    . . .     Faith    .   (no shield)
rNeg     . . .     Spirit   .   h - +0 chain mail
rPois    .         Reflect  .   (helmet restricted)
rElec    .         Harm     .   (no cloak)
rCorr    .         Rampage  .   (no gloves)
Will     .....                  (no boots)
Stlth    ..........             (no amulet)
HPRegen  0.18/turn              a - -4 ring of intelligence (curse)
MPRegen  0.09/turn              (no ring)

@: no status effects
A: retaliatory headbutt, horns 2
a: no special abilities


You were on level 4 of the Dungeon.
You visited 1 branch of the dungeon, and saw 4 of its levels.

You collected 279 gold pieces.

Inventory:

Hand Weapons
 m - a +0 war axe (weapon)
Armour
 h - a +0 chain mail (worn)
Jewellery
 a - a cursed -4 ring of intelligence (left hand)
Scrolls
 c - 6 scrolls of remove curse
 d - a scroll of identify {unknown}
 e - 3 scrolls of fog
 f - a scroll of enchant weapon {unknown}
 i - a scroll of fear
 j - a scroll of magic mapping {unknown}
 k - 2 scrolls of random uselessness {unknown}
Potions
 b - a potion of brilliance
 g - a potion of attraction {unknown}


   Skills:
 + Level 5.2 Fighting
 - Level 6.0 Axes
 + Level 3.8 Armour
 - Level 5.0 Dodging
 - Level 1.5 Stealth


You had 5 spell levels left.
You didn't know any spells.
Your spell library was empty.

Dungeon Overview and Level Annotations

Branches:
Dungeon (4/15)
 Temple: D:4-7

Altars:
Makhleb
Yredelemnul


Innate Abilities, Weirdness & Mutations

You reflexively headbutt those who attack you in melee.
You have a pair of horns on your head.


Message History

The gnoll hits you from afar with a +0 halberd.
The gnoll barely misses you.
Training target 5.0 for Dodging reached!
Your Dodging skill increases to level 5!
You slash the gnoll!
You kill the gnoll!
You slash the gnoll! The gnoll hits you with a +0 flail.
The gnoll hits you from afar with a +0 halberd!
The gnoll hits you but does no damage. The gnoll hits you with a +0 halberd!
* * * LOW HITPOINT WARNING * * *
Things that are here:
a +0 spear; a gnoll corpse You are too injured to fight recklessly!
You are too injured to fight recklessly!
You hit the gnoll.
The gnoll is moderately wounded.
You barely miss the gnoll. The gnoll hits you with a +0 flail!
* * * LOW HITPOINT WARNING * * *
The gnoll hits you with a +0 halberd.
You die...

#..........#.#
#..........#.#
..#.........##.#
.............#.#
..##########.#.##
#.#..# #.##.#
#.#.)# #.#.<#
#.#g†# #.#)@#
..#..g.# ##.###
..# ###


You could see 2 gnolls.

Vanquished Creatures
  An ogre (D:4)
  An orc priest (D:3)
  2 hounds
  2 orc wizards
  Jessica (D:2)
  Terence (D:2)
  2 gnolls (D:4)
  4 adders
  An ooze (D:2)
  A worm (D:2)
  2 dart slugs (D:1)
  A leopard gecko (D:3)
  6 orcs
  13 bats
  5 giant cockroaches
  5 goblins
  7 hobgoblins
  11 jackals
  A quokka (D:3)
  7 frilled lizards
  2 gnoll zombies (D:3)
  7 kobolds
  9 rats
92 creatures vanquished.

Vanquished Creatures (others)
  A withered plant (D:4)
1 creature vanquished.

Grand Total: 93 creatures vanquished

Notes
Turn   | Place    | Note
-------+----------+-------------------------------------------
     0 | D:1      | om the Minotaur Monk began the quest for the Orb.
     0 | D:1      | Reached XP level 1. HP: 19/19 MP: 0/0
   126 | D:1      | Reached XP level 2. HP: 27/27 MP: 1/1
   148 | D:1      | Reached skill level 4 in Axes
   244 | D:1      | Reached skill level 1 in Armour
   396 | D:1      | Reached XP level 3. HP: 33/33 MP: 2/2
   794 | D:2      | Noticed Jessica
   809 | D:2      | Killed Jessica
   810 | D:2      | Reached XP level 4. HP: 17/40 MP: 3/3
   862 | D:2      | HP: 2/40 [poisoned by Jessica]
  1639 | D:2      | Found a faded altar of an unknown god.
  1657 | D:2      | Reached skill level 5 in Axes
  2356 | D:3      | Found a basalt altar of Yredelemnul.
  2406 | D:3      | Noticed Terence
  2558 | D:2      | Killed Terence
  2559 | D:2      | Reached XP level 5. HP: 21/46 MP: 4/4
  2879 | D:3      | Found a burning altar of Makhleb.
  2978 | D:3      | Reached skill level 6 in Axes
  2978 | D:3      | Reached XP level 6. HP: 35/53 MP: 5/5
  3556 | D:4      | Reached skill level 5 in Fighting
  3565 | D:4      | Reached skill level 5 in Dodging
  3567 | D:4      | HP: 1/56 [gnoll/+0 flail (8)]
  3567 | D:4      | Slain by a gnoll

Illustrated notes

Levels and vault maps discovered:
D:1:      minmay_arrival_stair_chambers, layout_loops_ring, minmay_tripent
D:2:      minmay_alternating_diamond, layout_loops_ring,
          chequers_ecumenical_altar_island, minmay_curled_crystal, uniq_jessica
D:3:      layout_rooms, lemuel_zombie_altar_yredelemnul,
          makhleb_heckhound_becter, uniq_terence
D:4:      layout_basic, grunt_temple_overflow_growth_and_decay,
          gup_sewer_entry_pipe

Skill      XL: |  1  2  3  4  5  6 |
---------------+-------------------+-----
Axes           | 4 5 6 |  6.0
Armour         | 1 2 3 |  3.8
Fighting       | 4 5 |  5.2
Dodging        | 4 5 |  5.0
Stealth        | |  1.5

Action                   |  1- 3 |  4- 6 || total
-------------------------+-------+-------++-------
Melee: Hand axe          |    66 |    56 ||   122
       Headbutt          |    12 |    19 ||    31
       War axe           |       |    66 ||    66
  Use: Scroll            |       |     7 ||     7
       Potion            |       |     2 ||     2
 Stab: Sleeping          |     3 |       ||     3
Armor: Robe              |    12 |     1 ||    13
       Chain mail        |       |    83 ||    83
Dodge: Dodged            |    61 |    69 ||   130
